 Dungeon Crawl Stone Soup version 0.25.0-9-g26727b657a (webtiles) character file.

Game seed: 11075645472408767343

126 protoss039 the Digger (level 4, -2/24 HPs)
             Began as a Deep Elf Earth Elementalist on June 21, 2020.
             Killed from afar by an orc wizard (10 damage)
             ... with a magic dart
             ... on level 3 of the Dungeon.
             The game lasted 00:05:13 (3124 turns).

protoss039 the Digger (Deep Elf Earth Elementalist) Turns: 3124, Time: 00:05:14

Health: -2/24      AC:  3    Str:  5    XL:     4   Next: 83%
Magic:  12/12      EV: 13    Int: 21    God:
Gold:   105        SH:  0    Dex: 15    Spells: 6/12 levels left

rFire    . . .     SeeInvis .   j - +1 short sword (speed)
rCold    . . .     Gourm    .   (no shield)
rNeg     . . .     Faith    .   c - +1 robe
rPois    .         Spirit   .   (no helmet)
rElec    .         Reflect  .   (no cloak)
rCorr    .         Harm     .   (no gloves)
MR       .....                  (no boots)
Stlth    ++........             (no amulet)
HPRegen  0.08/turn              (no ring)
MPRegen  0.13/turn              (no ring)

@: lethally poisoned (-2 -> -7), slowed, very slow
A: no striking features
a: no special abilities


You were on level 3 of the Dungeon.
You were hungry.

You visited 1 branch of the dungeon, and saw 3 of its levels.

You collected 105 gold pieces.

Inventory:

Hand Weapons
 j - a +1 short sword of speed (weapon)
Armour
 c - a +1 robe (worn)
Scrolls
 f - a scroll of enchant armour
Potions
 h - 2 potions of magic {unknown}
 i - a potion of lignification {unknown}
 l - 2 potions of flight {unknown}
 o - a potion of stabbing {unknown}
Comestibles
 d - 4 rations
 n - a chunk of flesh


   Skills:
 + Level 0.1 Fighting
 + Level 0.1 Short Blades
 - Level 2.4 Dodging
 + Level 2.8 Stealth
 * Level 4.9 Spellcasting
 + Level 1.1 Transmutations
 * Level 5.0 Earth Magic


You had 6 spell levels left.
You knew the following spells:

 Your Spells              Type           Power        Failure   Level  Hunger
a - Sandblast             Erth           ####..       1%          1    None
b - Passwall              Tmut/Erth      ###.....     4%          2    None
c - Stone Arrow           Conj/Erth      ###...       12%         3    ##.....

Your spell library contained the following spells:

 Spells                   Type           Power        Failure   Level  Hunger
 Petrify                  Tmut/Erth      ###.....     30%         4    ####...
 Lee's Rapid Deconstruct  Erth           ####......   36%         5    #####..


Dungeon Overview and Level Annotations

Branches:
Dungeon (3/15)

Altars:
Uskayaw
The Shining One

Annotations:
D:3 Jessica


Message History

Okay, then.
The orc hits you but does no damage.
Casting: Passwall (safe; 4% risk of failure)
Confirm with . or Enter, or press ? or * to list all spells.
Aiming: Passwall (safe; 4% risk of failure)
Press: ? - help, Dir - move target cursor You can't see that place. [the floor.]
Okay, then.
The orc wizard casts a spell at you. The magic dart hits you.
The killer bee misses you.
The orc wizard points at you and mumbles some strange words.
You feel yourself slow down. The killer bee stings you!
The killer bee stings you.
You are poisoned.
The killer bee poisons you! The orc wizard casts a spell at you.
The magic dart hits you!
You die...

##. ## # .#
#.. ##.#. ..
#.###.#..#
.# #'#.#..#
.# #......##
.#
##.#..#.##
.#
##o#..#.##
.#
##y#..#.##
.#
##@#..#.##
.#
##o#..#.##
.#
##.#..#.##
.#
##.#..#.##
.#
##.#..#.##
##
##.#..#.## .
###......#
..
###.#..#.#+#
... #
###.#..#.#


You could see a killer bee, an orc wizard and an orc.

Vanquished Creatures
  A scorpion (D:2)
  2 adders (D:2)
  An ooze (D:1)
  2 worms (D:2)
  A dart slug (D:1)
  A leopard gecko (D:1)
  2 orcs
  2 ball pythons (D:2)
  5 bats
  A giant cockroach (D:1)
  5 goblins
  5 hobgoblins
  6 kobolds
  A quokka (D:2)
  A frilled lizard (D:1)
  7 rats
43 creatures vanquished.

Notes
Turn   | Place    | Note
-------+----------+-------------------------------------------
     0 | D:1      | protoss039 the Deep Elf Earth Elementalist began the quest
                  | for the Orb.
     0 | D:1      | Reached XP level 1. HP: 10/10 MP: 6/6
   232 | D:1      | Reached XP level 2. HP: 8/15 MP: 5/8
   630 | D:1      | Reached skill level 4 in Earth Magic
  1572 | D:2      | Found a faded altar of an unknown god.
  1606 | D:2      | Reached XP level 3. HP: 19/19 MP: 8/10
  1920 | D:2      | Noticed a +0 dagger
  1921 | D:2      | Noticed a +0 hand axe
  2062 | D:2      | Found a hide-covered altar of Uskayaw.
  2460 | D:2      | Noticed a scorpion
  2467 | D:2      | Killed a scorpion
  2467 | D:2      | Reached XP level 4. HP: 24/24 MP: 5/12
  2471 | D:2      | Learned a level 2 spell: Passwall
  2529 | D:2      | Found a glowing golden altar of the Shining One.
  2539 | D:2      | Learned a level 3 spell: Stone Arrow
  2957 | D:2      | Reached skill level 5 in Earth Magic
  3079 | D:3      | Noticed Jessica
  3124 | D:3      | Killed from afar by an orc wizard

Illustrated notes

Levels and vault maps discovered:
D:1:      kennysheep_arrival_seaside, layout_basic, skrybe_limestone_x
D:2:      layout_basic, dancing_weapons_uskayaw,
          chequers_ecumenical_altar_island, nicolae_tso_carved_into_rock
D:3:      minmay_razor_zed, layout_basic, first_ration, uniq_jessica

Skill      XL: |  1  2  3  4 |
---------------+-------------+-----
Earth Magic    | 4 5 |  5.0
Spellcasting   | 4 |  4.9
Fighting       | |  0.1
Short Blades   | |  0.1
Dodging        | |  2.4
Stealth        | |  2.8
Transmutations | |  1.1

Action                   |  1- 3 |  4- 6 || total
-------------------------+-------+-------++-------
Melee: Unarmed           |     5 |       ||     5
       Short sword       |    30 |     6 ||    36
 Cast: Sandblast         |    47 |     9 ||    56
  Use: Scroll            |       |     6 ||     6
 Stab: Sleeping          |     2 |       ||     2
  Eat: Chunk             |     5 |     1 ||     6
Armor: Robe              |     8 |     2 ||    10
Dodge: Dodged            |    31 |     3 ||    34
